 Dungeon Crawl Stone Soup version 0.31-a0-692-gf03d1854d5 (webtiles) character file.

Game seed: 12199185513521624660

18794 qw the Marksgargoyle (level 12, -4/79 HPs)
             Began as a Gargoyle Hunter on Sept 6, 2023.
             Was an Elder of Okawaru.
             Slain by a six-headed hydra (9 damage)
             ... on level 3 of the Lair of Beasts.
             The game lasted 00:05:59 (12914 turns).

qw the Marksgargoyle (Gargoyle Hunter)             Turns: 12914, Time: 00:06:00

Health: -4/79      AC: 17    Str: 17    XL:     12   Next: 62%
Magic:  14/16      EV: 18    Int:  9    God:    Okawaru [****..]
Gold:   316        SH:  0    Dex: 17    Spells: 11/11 levels left

rFire   . . .        e - +0 orcbow (heavy)
rCold   + . .        (shield currently unavailable)
rNeg    + . .        d - +0 steam dragon scales
rPois   inf          j - +0 helmet
rElec   +            (no cloak)
rCorr   .            (no gloves)
SInv    .            (no boots)
Will    .....        (no amulet)
Stlth   +++          i - ring of protection from cold
HPRegen 0.33/turn    (no ring)
MPRegen 0.15/turn

%: no passive effects
@: heroic
A: sickness immunity, AC +8, negative energy resistance 1, electricity
resistance, torment resistance 1, petrification resistance
a: Renounce Religion, Heroism, Finesse


You were on level 3 of the Lair of Beasts.
You worshipped Okawaru.
Okawaru was greatly pleased with you.
You visited 2 branches of the dungeon, and saw 12 of its levels.

You collected 649 gold pieces.
You spent 333 gold pieces at shops.


Innate Abilities, Weirdness & Mutations

You are immune to sickness and miasma.
Your stone body is resilient. (AC +8)
You are immune to poison.
You resist negative energy. (rN+)
You are resistant to electric shocks. (rElec)
You are resistant to unholy torment.
You are immune to petrification.


   Skills:
 + Level 10.7(15.7) Fighting
 - Level 16.0(21.0) Ranged Weapons
 - Level 4.1(9.1) Armour
 - Level 5.1(10.1) Dodging
 - Level 1.1(6.1) Stealth
 + Level 6.3 Invocations


You had 11 spell levels left.
You didn't know any spells.
Your spell library was empty.

Inventory:

Hand Weapons
 e - a +0 heavy orcbow (weapon)
Armour
 d - +0 steam dragon scales (worn)
 h - a +0 pair of boots
 j - a +0 helmet (worn)
Jewellery
 i - a ring of protection from cold (left hand)
Scrolls
 b - 6 scrolls of identify
Potions
 a - a potion of might
 c - 3 potions of cancellation
 f - a potion of mutation
 g - 9 potions of curing
 l - a potion of haste

Dungeon Overview and Level Annotations

Branches:
Dungeon (9/15)             Temple (0/1) D:6            Lair (3/5) D:9
  Swamp (0/4) Lair:3          Orc (0/2) D:9
  Snake: Lair:2-3    Spider: Lair:2-3

Altars:
Ashenzari
Dithmenos
Fedhas
Gozag
Hepliaklqana
Kikubaaqudgha
Makhleb
Okawaru
Qazlal
Ru
Trog
Wu Jian
The Shining One

Shops:
D:3 *   D:5 ?   D:7 ?   D:8 *

Annotations:
D:4 Edmund
D:5 exclusion: yak
D:7 3 runed translucent doors, qw's ghost, novice GrHu
D:8 exclusion: acid dragon
Lair:1 2 transporters, qw's ghost, novice MiHs
Lair:2 1 runed translucent door, qw's ghost, journeyman MiHs


Message History

Splash!
You fall into the shallow water.
Moving in this stuff is going to be slow.
The swamp worm bites you!
A four-headed hydra comes into view.
12911 |||
Found retreat position at -1,-5 (floor) with 0 blocking monsters and 2 monsters attacking at destination at distance 5
12911 ||| Stepping ~*~*~tactically~*~*~ (retreating).
The six-headed hydra bites you. The six-headed hydra barely misses you.
The six-headed hydra bites you!
The six-headed hydra completely misses you.
The six-headed hydra barely misses you. The six-headed hydra bites you!
Enter note:
Enter note:
12912 |||
Found retreat position at -2,-4 (floor) with 0 blocking monsters and 2 monsters attacking at destination at distance 4
12912 ||| Stepping ~*~*~tactically~*~*~ (retreating).
The six-headed hydra bites you! The six-headed hydra bites you. x2
The six-headed hydra barely misses you. x2; The six-headed hydra misses you.
The swamp worm fires a harpoon shot at you.
The harpoon shot hits you but does no damage.
Enter note:
Enter note:
12913 |||
Found retreat position at -2,-3 (floor) with 0 blocking monsters and 2 monsters attacking at destination at distance 3
12913 ||| Stepping ~*~*~tactically~*~*~ (retreating).
The six-headed hydra attacks as it pursues you!
The six-headed hydra bites you but does no damage.
The six-headed hydra bites you.
The six-headed hydra bites you but does no damage.
The six-headed hydra bites you.
The six-headed hydra bites you but does no damage.
The six-headed hydra bites you!
Enter note:
Enter note:
12914 ||| INVOKING Heroism.
You gain the combat prowess of a mighty hero.
The six-headed hydra closely misses you.
The six-headed hydra bites you but does no damage.
The six-headed hydra barely misses you. The six-headed hydra misses you.
The six-headed hydra bites you but does no damage.
The six-headed hydra bites you!
You die...

^###.....77..7777777
.#......77...~~~~~~7
..:###..#77~~~~~~~~7
#..# ##.# 77~~~~~~~7
#..####.7 7...~~~~77
#...#...# 77...7777
##.##.+#77777..¤¤¤7
##.#....7>~~7777¤¤7
#...+..777~~~


7@¤77 ###.#...777.¤¤777D.7 ###.#..7¤¤.¤ww¤w.7 #...77¤¤~~¤¤¤D¤7 #.###77¤.¤~¤D¤77
### 7...77...7 7.. ¤¤.77 77 ..777 777 You could see a six-headed hydra, a
four-headed hydra and a swamp worm.

Vanquished Creatures
  Harold (D:9)
  A hydra (Lair:2)
  Pikel (D:5)
  3 black mambas
  10 cane toads
  Jeremiah (D:8)
  A rime drake (Lair:2)
  2 komodo dragons
  3 polar bears (Lair:1)
  A troll (D:9)
  Prince Ribbit (D:7)
  4 blink frogs (Lair:2)
  7 dream sheep (Lair:2)
  2 shadows (D:9)
  20 yaks
  Sigmund (D:3)
  A basilisk (Lair:2)
  A steam dragon (D:6)
  Menkaure (D:5)
  A swamp worm (Lair:3)
  2 acid dragons (D:8)
  6 water moccasins
  2 sky beasts
  4 orc warriors
  A black bear (Lair:2)
  2 centaurs
  11 wolves
  2 lemures (D:5)
  3 kobold brigands
  2 phantoms
  3 bullfrogs
  6 scorpions
  6 wights
  A troll zombie (D:9)
  4 killer bees (D:9)
  11 electric eels
  4 hounds
  6 orc priests
  A jelly (D:6)
  2 gnoll boudas (D:9)
  3 sleepcaps
  3 iguanas
  7 orc wizards
  7 ogre zombies (D:9)
  3 gnolls (D:9)
  4 adders
  A white imp (D:6)
  A worm (D:3)
  A dart slug (D:4)
  31 orcs
  5 ball pythons
  4 endoplasms
  2 giant cockroaches
  12 goblins
  A hobgoblin (D:4)
  6 jackals
  21 kobolds
  4 quokkas
  6 bats
  2 frilled lizards
  2 goblin skeletons (D:9)
  3 goblin zombies (D:9)
  4 hobgoblin skeletons (D:9)
  An orc skeleton (D:9)
  15 orc zombies (D:9)
  2 rats
293 creatures vanquished.

Notes
Turn   | Place    | Note
-------+----------+-------------------------------------------
     0 | D:1      | qw the Gargoyle Hunter began the quest for the Orb.
     0 | D:1      | Reached XP level 1. HP: 12/12 MP: 1/1
     0 | D:1      | 0 ||| qw: Version: 0.3-a-76-g4403597
     0 | D:1      | 0 ||| qw: Game counter: 336
     0 | D:1      | 0 ||| qw: Melee chars always use a shield: true
     0 | D:1      | 0 ||| qw: God list: Okawaru
     0 | D:1      | 0 ||| qw: Allow faded altars: false
     0 | D:1      | 0 ||| qw: Do Orc after clearing Dungeon:15 true
     0 | D:1      | 0 ||| qw: Do second Lair branch before Depths: true
     0 | D:1      | 0 ||| qw: Lair rune preference: random
     0 | D:1      | 0 ||| qw: Goals: Normal
     0 | D:1      | 0 ||| PLANNING D:1-11
   171 | D:1      | Reached XP level 2. HP: 17/17 MP: 2/2
   619 | D:1      | 619 ||| READING scroll labelled HACZOISECK.
   620 | D:1      | 620 ||| READING scroll labelled IKHLEL JEHUNTA.
   621 | D:1      | 621 ||| READING scroll labelled LAQU IPREPIROALEL.
   632 | D:1      | 632 ||| READING scroll labelled ROZXIURR WAPS.
   633 | D:1      | 633 ||| DROPPING scroll of butterflies.
   652 | D:2      | Reached XP level 3. HP: 21/21 MP: 3/3
   787 | D:2      | Reached skill level 5 in Ranged Weapons
  1068 | D:2      | Found the +0 toga "Victory" {*Victory Clar}
  1148 | D:2      | Reached skill level 3 in Fighting
  1500 | D:2      | 1500 ||| READING 2 scrolls labelled JULEDUPNUH.
  1503 | D:2      | 1503 ||| DRINKING 3 coppery potions.
  1586 | D:3      | Found Efrigh's General Store.
  1591 | D:3      | Reached XP level 4. HP: 28/28 MP: 4/4
  1595 | D:3      | 1595 ||| SHOPLISTING +5 ring of evasion (360 gold, have
                  | 124).
  1595 | D:3      | 1595 ||| BUYING potion of curing (30 gold).
  1595 | D:3      | Bought a potion of curing for 30 gold pieces
  1595 | D:3      | 1595 ||| BUYING potion of curing (30 gold).
  1595 | D:3      | Bought a potion of curing for 30 gold pieces
  1786 | D:3      | 1786 ||| FLEEEEING.
  1787 | D:3      | 1787 ||| FLEEEEING.
  1788 | D:3      | 1788 ||| FLEEEEING.
  1789 | D:3      | 1789 ||| FLEEEEING.
  1790 | D:3      | 1790 ||| FLEEEEING.
  1791 | D:3      | 1791 ||| FLEEEEING.
  1792 | D:3      | 1792 ||| FLEEEEING.
  1793 | D:3      | 1793 ||| FLEEEEING.
  1794 | D:3      | 1794 ||| FLEEEEING.
  1795 | D:3      | 1795 ||| FLEEEEING.
  1796 | D:3      | 1796 ||| FLEEEEING.
  1797 | D:3      | 1797 ||| FLEEEEING.
  1798 | D:3      | 1798 ||| FLEEEEING.
  1799 | D:3      | 1799 ||| FLEEEEING.
  1800 | D:3      | 1800 ||| FLEEEEING.
  1801 | D:3      | 1801 ||| FLEEEEING.
  1802 | D:3      | 1802 ||| FLEEEEING.
  1803 | D:3      | 1803 ||| FLEEEEING.
  1804 | D:3      | 1804 ||| FLEEEEING.
  1805 | D:3      | 1805 ||| FLEEEEING.
  1806 | D:3      | 1806 ||| FLEEEEING.
  1807 | D:3      | 1807 ||| FLEEEEING.
  1808 | D:3      | 1808 ||| FLEEEEING.
  1809 | D:3      | 1809 ||| FLEEEEING.
  1811 | D:3      | 1811 ||| FLEEEEING.
  1812 | D:3      | 1812 ||| FLEEEEING.
  1813 | D:3      | 1813 ||| FLEEEEING.
  1815 | D:3      | 1815 ||| FLEEEEING.
  1816 | D:3      | 1816 ||| FLEEEEING.
  1817 | D:3      | 1817 ||| FLEEEEING.
  1820 | D:3      | 1820 ||| FLEEEEING.
  1821 | D:3      | 1821 ||| FLEEEEING.
  1822 | D:3      | 1822 ||| FLEEEEING.
  1823 | D:3      | 1823 ||| FLEEEEING.
  1824 | D:3      | 1824 ||| FLEEEEING.
  1825 | D:3      | 1825 ||| FLEEEEING.
  1826 | D:3      | 1826 ||| FLEEEEING.
  1827 | D:3      | 1827 ||| FLEEEEING.
  1828 | D:3      | 1828 ||| FLEEEEING.
  1829 | D:3      | 1829 ||| FLEEEEING.
  2076 | D:3      | Noticed Sigmund
  2089 | D:3      | 2089 ||| DRINKING 4 potions of curing.
  2089 | D:3      | 2089 ||| (to cure confusion)
  2092 | D:3      | HP: 4/28 [Sigmund/+0 scythe (4)]
  2093 | D:3      | 2093 ||| READING scroll of teleportation.
  2095 | D:3      | Killed Sigmund
  2096 | D:3      | Reached skill level 6 in Ranged Weapons
  2096 | D:3      | Reached XP level 5. HP: 6/32 MP: 5/5
  2096 | D:3      | Reached XP level 6. HP: 7/37 MP: 6/6
  2333 | D:3      | Found a faded altar of an unknown god.
  2407 | D:3      | 2407 ||| UPGRADING to +0 ring mail.
  2417 | D:3      | 2417 ||| DROPPING +0 leather armour.
  2475 | D:4      | Found a glowing golden altar of the Shining One.
  2479 | D:4      | Found a bloodstained altar of Trog.
  2479 | D:4      | Found an ornate altar of the Wu Jian Council.
  2480 | D:4      | Found a sacrificial altar of Ru.
  2482 | D:4      | Found an iron altar of Okawaru.
  2483 | D:4      | 2483 ||| PLANNING OKAWARU WORSHIP
  2485 | D:4      | Became a worshipper of Warmaster Okawaru
  2486 | D:4      | 2486 ||| PLANNING D:1-11
  2487 | D:4      | Found a shadowy altar of Dithmenos.
  2569 | D:4      | Reached skill level 1 in Armour
  2674 | D:4      | Found a hazy altar of Hepliaklqana.
  2727 | D:4      | Reached * piety under Okawaru
  2728 | D:4      | Reached skill level 7 in Ranged Weapons
  2728 | D:4      | Reached XP level 7. HP: 14/43 MP: 7/7
  3359 | D:4      | 3359 ||| READING scroll labelled ZIHITHREK FYRUF.
  3360 | D:4      | 3360 ||| READING 2 scrolls of identify.
  3360 | D:4      | 3360 ||| IDENTIFYING purple potion
  3361 | D:4      | 3361 ||| DROPPING potion of degeneration.
  3394 | D:5      | Entered Level 5 of the Dungeon
  3394 | D:5      | Noticed Edmund
  3394 | D:5      | Found Liplep's Magic Scroll Boutique.
  3400 | D:5      | 3400 ||| STAIRDANCE
  3404 | D:4      | HP: 9/43 [Edmund/+3 dire flail of protection (15)]
  3405 | D:4      | 3405 ||| READING scroll of teleportation.
  3405 | D:4      | HP: 2/43 [Edmund/+3 dire flail of protection (7)]
  3692 | D:5      | Reached skill level 1 in Invocations
  3733 | D:5      | 3733 ||| BUYING 2 scrolls of identify (56 gold).
  3733 | D:5      | Bought 2 scrolls of identify for 56 gold pieces
  3733 | D:5      | 3733 ||| BUYING scroll of identify (28 gold).
  3733 | D:5      | Bought a scroll of identify for 28 gold pieces
  3733 | D:5      | 3733 ||| BUYING scroll of identify (28 gold).
  3733 | D:5      | Bought a scroll of identify for 28 gold pieces
  3733 | D:5      | 3733 ||| SHOPLISTING scroll of teleportation (42 gold, have
                  | 37).
  3789 | D:5      | Reached skill level 8 in Ranged Weapons
  3809 | D:5      | Noticed a yak
  3824 | D:5      | 3824 ||| INVOKING Heroism.
  3830 | D:5      | Killed a yak
  3831 | D:5      | Reached skill level 3 in Invocations
  3831 | D:5      | Reached XP level 8. HP: 29/48 MP: 6/10
  3951 | D:5      | Noticed a yak
  3951 | D:5      | Noticed a yak
  3951 | D:5      | Noticed a yak
  3952 | D:5      | Found an ancient bone altar of Kikubaaqudgha.
  3981 | D:5      | Noticed a yak
  3990 | D:5      | 3990 ||| UPGRADING to +0 helmet.
  3998 | D:5      | Noticed Menkaure
  3999 | D:5      | 3999 ||| INVOKING Heroism.
  4004 | D:5      | Killed Menkaure
  4019 | D:5      | 4019 ||| DROPPING +6 ring of intelligence.
  4020 | D:5      | 4020 ||| READING 5 scrolls of identify.
  4020 | D:5      | 4020 ||| IDENTIFYING glowing grey potion
  4137 | D:5      | Noticed Pikel
  4137 | D:5      | 4137 ||| RETREATING.
  4147 | D:5      | 4147 ||| INVOKING Heroism.
  4165 | D:5      | Killed Pikel
  4165 | D:5      | Reached ** piety under Okawaru
  4276 | D:5      | 4276 ||| UPGRADING to +2 robe of positive energy.
  4286 | D:5      | 4286 ||| DROPPING +0 ring mail.
  4342 | D:5      | You fall into a shaft and drop 1 floor!
  4356 | D:6      | Found a staircase to the Ecumenical Temple.
  4370 | D:6      | 4370 ||| FLEEEEING.
  4371 | D:6      | 4371 ||| FLEEEEING.
  4372 | D:6      | 4372 ||| INVOKING Heroism.
  4390 | D:6      | 4390 ||| READING 4 scrolls of identify.
  4390 | D:6      | 4390 ||| IDENTIFYING murky grey potion
  4391 | D:6      | 4391 ||| READING 3 scrolls of identify.
  4391 | D:6      | 4391 ||| IDENTIFYING fizzy emerald potion
  4392 | D:6      | 4392 ||| READING 2 scrolls of identify.
  4392 | D:6      | 4392 ||| IDENTIFYING viscous black potion
  4393 | D:6      | 4393 ||| DROPPING potion of invisibility.
  4394 | D:6      | 4394 ||| DROPPING potion of ambrosia.
  4612 | D:5      | 4612 ||| RETREATING.
  4633 | D:5      | 4633 ||| INVOKING Heroism.
  4643 | D:5      | Killed a yak
  4644 | D:5      | Reached XP level 9. HP: 20/54 MP: 10/12
  4648 | D:5      | HP: 13/54 [yak (4)]
  4649 | D:5      | 4649 ||| READING scroll of teleportation.
  4650 | D:5      | 4650 ||| DRINKING potion of heal wounds.
  4653 | D:5      | Reached skill level 9 in Ranged Weapons
  4940 | D:6      | 4940 ||| INVOKING Heroism.
  4956 | D:6      | 4956 ||| INVOKING Heroism.
  4988 | D:6      | Reached skill level 6 in Fighting
  5111 | D:6      | Found a blossoming altar of Fedhas.
  5201 | D:6      | 5201 ||| DRINKING 4 potions of curing.
  5201 | D:6      | 5201 ||| (to cure confusion)
  5212 | D:6      | 5212 ||| INVOKING Heroism.
  5512 | D:6      | 5512 ||| INVOKING Heroism.
  5873 | D:6      | Found a broken altar of Ashenzari.
  5995 | D:6      | 5995 ||| UPGRADING to +0 steam dragon scales.
  6005 | D:6      | 6005 ||| DROPPING +2 robe of positive energy.
  6006 | D:6      | 6006 ||| READING 2 scrolls of identify.
  6006 | D:6      | 6006 ||| IDENTIFYING bubbling pink potion
  6177 | D:7      | Reached skill level 10 in Ranged Weapons
  6351 | D:7      | 6351 ||| DRINKING 3 potions of curing.
  6351 | D:7      | 6351 ||| (to cure confusion)
  6409 | D:7      | Noticed Prince Ribbit
  6410 | D:7      | 6410 ||| INVOKING Heroism.
  6418 | D:7      | 6418 ||| Stepping ~*~*~tactically~*~*~ (retreating).
  6419 | D:7      | 6419 ||| RETREATING.
  6422 | D:7      | Killed Prince Ribbit
  6498 | D:7      | 6498 ||| INVOKING Heroism.
  6566 | D:7      | 6566 ||| FLEEEEING.
  6636 | D:7      | 6636 ||| SWAPPING to +0 orcbow.
  6644 | D:7      | 6644 ||| DROPPING +0 shortbow.
  6759 | D:7      | Found an opulent altar of Gozag.
  6776 | D:7      | Found Yguokh's Magic Scroll Boutique.
  6784 | D:7      | 6784 ||| BUYING scroll of brand weapon (133 gold).
  6784 | D:7      | Bought a scroll of brand weapon for 133 gold pieces
  6784 | D:7      | 6784 ||| BUYING scroll of identify (28 gold).
  6784 | D:7      | Bought a scroll of identify for 28 gold pieces
  6784 | D:7      | 6784 ||| READING scroll of brand weapon.
  6784 | D:7      | 6784 ||| BRANDING +0 orcbow.
  7150 | D:7      | Found a runed translucent gate.
  7150 | D:7      | Found a runed translucent gate.
  7150 | D:7      | Found a runed translucent gate.
  7151 | D:7      | Found an opulent altar of Gozag.
  7152 | D:7      | Noticed a gargoyle
  7154 | D:7      | Noticed qw's ghost (novice GrHu)
  7414 | D:7      | 7414 ||| Stepping ~*~*~tactically~*~*~ (outnumbered).
  7419 | D:7      | Reached skill level 11 in Ranged Weapons
  7419 | D:7      | Reached XP level 10. HP: 50/63 MP: 13/13
  7720 | D:7      | 7720 ||| READING scroll labelled VUHUAM VY AMN.
  7721 | D:7      | 7721 ||| DRINKING 2 glowing yellow potions.
  7722 | D:7      | 7722 ||| DROPPING potion of brilliance.
  7763 | D:8      | Found Ipiv's Demolitions Depot.
  7829 | D:8      | 7829 ||| Stepping ~*~*~tactically~*~*~ (retreating).
  8009 | D:8      | 8009 ||| UPGRADING to ring of protection from cold.
  8174 | D:8      | 8174 ||| INVOKING Heroism.
  8469 | D:8      | Noticed Jeremiah
  8471 | D:8      | 8471 ||| INVOKING Heroism.
  8482 | D:8      | 8482 ||| READING scroll labelled LAMYME HUOHI.
  8488 | D:8      | HP: 12/64 [Jeremiah/divine providence (11)]
  8489 | D:8      | 8489 ||| DRINKING potion of heal wounds.
  8491 | D:8      | 8491 ||| FLEEEEING.
  8492 | D:8      | 8492 ||| FLEEEEING.
  8493 | D:8      | 8493 ||| FLEEEEING.
  8495 | D:8      | 8495 ||| FLEEEEING.
  8496 | D:8      | 8496 ||| FLEEEEING.
  8508 | D:8      | 8508 ||| FLEEEEING.
  8597 | D:8      | Found a burning altar of Makhleb.
  8635 | D:8      | 8635 ||| INVOKING Heroism.
  8653 | D:8      | Killed Jeremiah
  8808 | D:8      | Found a stormy altar of Qazlal.
  9006 | D:9      | 9006 ||| INVOKING Heroism.
  9054 | D:9      | Noticed Harold
  9055 | D:9      | 9055 ||| INVOKING Heroism.
  9062 | D:9      | Killed Harold
  9063 | D:9      | Reached skill level 12 in Ranged Weapons
  9107 | D:9      | 9107 ||| RETREATING.
  9117 | D:9      | Reached skill level 3 in Armour
  9178 | D:9      | Reached *** piety under Okawaru
  9205 | D:9      | 9205 ||| INVOKING Heroism.
  9248 | D:9      | 9248 ||| FLEEEEING.
  9308 | D:9      | 9308 ||| INVOKING Heroism.
  9319 | D:9      | 9319 ||| Stepping ~*~*~tactically~*~*~ (outnumbered).
  9329 | D:9      | 9329 ||| INVOKING Heroism.
  9331 | D:9      | Reached skill level 13 in Ranged Weapons
  9334 | D:9      | 9334 ||| Stepping ~*~*~tactically~*~*~ (outnumbered).
  9351 | D:9      | 9351 ||| INVOKING Heroism.
  9375 | D:9      | 9375 ||| FLEEEEING.
  9411 | D:9      | 9411 ||| INVOKING Heroism.
  9458 | D:9      | 9458 ||| INVOKING Heroism.
  9650 | D:9      | 9650 ||| INVOKING Heroism.
  9668 | D:9      | 9668 ||| INVOKING Heroism.
  9680 | D:9      | Reached skill level 9 in Fighting
  9680 | D:9      | Reached XP level 11. HP: 62/71 MP: 12/14
  9721 | D:9      | 9721 ||| INVOKING Heroism.
  9751 | D:9      | 9751 ||| INVOKING Heroism.
  9870 | D:9      | Found a staircase to the Orcish Mines.
  9887 | D:9      | 9887 ||| INVOKING Heroism.
  9931 | D:9      | Found a staircase to the Lair.
 10004 | D:9      | 10004 ||| PLANNING LAIR
 10004 | D:9      | 10004 ||| READING scroll labelled BEKONWU YTOU.
 10005 | D:9      | 10005 ||| READING 4 scrolls of identify.
 10005 | D:9      | 10005 ||| IDENTIFYING smoky ruby potion
 10053 | Lair:1   | Entered Level 1 of the Lair of Beasts
 10054 | Lair:1   | 10054 ||| INVOKING Heroism.
 10057 | Lair:1   | 10057 ||| STAIRDANCE
 10069 | Lair:1   | 10069 ||| STAIRDANCE
 10071 | D:9      | 10071 ||| INVOKING Heroism.
 10106 | Lair:1   | 10106 ||| INVOKING Heroism.
 10126 | Lair:1   | 10126 ||| RETREATING.
 10248 | Lair:1   | Found a bloodstained altar of Trog.
 10248 | Lair:1   | Noticed a moth of wrath
 10248 | Lair:1   | Noticed qw's ghost (novice MiHs)
 10250 | Lair:1   | Noticed a spriggan rider
 10267 | Lair:1   | Found a transporter.
 10272 | Lair:1   | Found a transporter.
 10404 | Lair:1   | 10404 ||| INVOKING Heroism.
 10412 | Lair:1   | 10412 ||| Stepping ~*~*~tactically~*~*~ (retreating).
 10415 | Lair:1   | Reached skill level 14 in Ranged Weapons
 10420 | Lair:1   | 10420 ||| INVOKING Heroism.
 10573 | Lair:1   | 10573 ||| INVOKING Heroism.
 10620 | Lair:1   | 10620 ||| INVOKING Heroism.
 10638 | Lair:1   | 10638 ||| INVOKING Heroism.
 10705 | Lair:1   | 10705 ||| INVOKING Heroism.
 10737 | Lair:1   | 10737 ||| INVOKING Heroism.
 10746 | Lair:1   | HP: 2/72 [komodo dragon (23)]
 10747 | Lair:1   | 10747 ||| DRINKING 2 potions of heal wounds.
 10749 | Lair:1   | 10749 ||| DRINKING potion of heal wounds.
 10932 | Lair:1   | 10932 ||| RETREATING.
 10933 | Lair:1   | 10933 ||| Stepping ~*~*~tactically~*~*~ (retreating).
 10934 | Lair:1   | 10934 ||| Stepping ~*~*~tactically~*~*~ (retreating).
 10935 | Lair:1   | 10935 ||| Stepping ~*~*~tactically~*~*~ (retreating).
 10936 | Lair:1   | 10936 ||| Stepping ~*~*~tactically~*~*~ (retreating).
 11261 | Lair:2   | 11261 ||| INVOKING Heroism.
 11288 | Lair:2   | 11288 ||| INVOKING Heroism.
 11330 | Lair:2   | 11330 ||| RETREATING.
 11407 | Lair:2   | Noticed a five-headed hydra
 11408 | Lair:2   | 11408 ||| INVOKING Heroism.
 11412 | Lair:2   | Killed a five-headed hydra
 11435 | Lair:2   | 11435 ||| RETREATING.
 11446 | Lair:2   | Reached skill level 15 in Ranged Weapons
 11453 | Lair:2   | 11453 ||| INVOKING Heroism.
 11639 | Lair:2   | Found a runed translucent door.
 11642 | Lair:2   | Reached XP level 12. HP: 77/77 MP: 15/15
 11643 | Lair:2   | 11643 ||| RETREATING.
 11650 | Lair:2   | 11650 ||| Stepping ~*~*~tactically~*~*~ (retreating).
 11658 | Lair:2   | 11658 ||| Stepping ~*~*~tactically~*~*~ (retreating).
 11659 | Lair:2   | 11659 ||| Stepping ~*~*~tactically~*~*~ (retreating).
 11660 | Lair:2   | 11660 ||| Stepping ~*~*~tactically~*~*~ (retreating).
 11661 | Lair:2   | 11661 ||| Stepping ~*~*~tactically~*~*~ (retreating).
 11662 | Lair:2   | 11662 ||| Stepping ~*~*~tactically~*~*~ (retreating).
 11663 | Lair:2   | 11663 ||| Stepping ~*~*~tactically~*~*~ (retreating).
 11664 | Lair:2   | 11664 ||| Stepping ~*~*~tactically~*~*~ (retreating).
 11665 | Lair:2   | 11665 ||| Stepping ~*~*~tactically~*~*~ (retreating).
 11674 | Lair:2   | 11674 ||| INVOKING Heroism.
 11676 | Lair:2   | 11676 ||| Stepping ~*~*~tactically~*~*~ (retreating).
 11679 | Lair:2   | HP: 19/77 [dream sheep (3)]
 11681 | Lair:2   | Reached **** piety under Okawaru
 11713 | Lair:2   | 11713 ||| FLEEEEING.
 11740 | Lair:2   | 11740 ||| FLEEEEING.
 11741 | Lair:2   | 11741 ||| FLEEEEING.
 11912 | Lair:2   | 11912 ||| Stepping ~*~*~tactically~*~*~ (retreating).
 11916 | Lair:2   | 11916 ||| Stepping ~*~*~tactically~*~*~ (retreating).
 11917 | Lair:2   | 11917 ||| Stepping ~*~*~tactically~*~*~ (retreating).
 11918 | Lair:2   | 11918 ||| Stepping ~*~*~tactically~*~*~ (retreating).
 11980 | Lair:2   | 11980 ||| INVOKING Heroism.
 11981 | Lair:2   | 11981 ||| RETREATING.
 12026 | Lair:2   | 12026 ||| INVOKING Heroism.
 12043 | Lair:2   | 12043 ||| INVOKING Heroism.
 12098 | Lair:2   | 12098 ||| RETREATING.
 12103 | Lair:2   | Reached skill level 16 in Ranged Weapons
 12288 | Lair:2   | Noticed qw's ghost (journeyman MiHs)
 12537 | Lair:2   | 12537 ||| DROPPING scarf of shadows.
 12538 | Lair:2   | 12538 ||| READING scroll labelled BIMIHE FYDYIN.
 12539 | Lair:2   | 12539 ||| READING 7 scrolls of identify.
 12539 | Lair:2   | 12539 ||| IDENTIFYING cyan potion
 12565 | Lair:3   | 12565 ||| INVOKING Heroism.
 12738 | Lair:3   | Reached skill level 6 in Invocations
 12759 | Lair:3   | 12759 ||| INVOKING Heroism.
 12909 | Lair:3   | Noticed a six-headed hydra
 12909 | Lair:3   | Found a staircase to the Swamp.
 12910 | Lair:3   | 12910 ||| Stepping ~*~*~tactically~*~*~ (retreating).
 12910 | Lair:3   | Noticed a four-headed hydra
 12911 | Lair:3   | 12911 ||| Stepping ~*~*~tactically~*~*~ (retreating).
 12912 | Lair:3   | 12912 ||| Stepping ~*~*~tactically~*~*~ (retreating).
 12912 | Lair:3   | HP: 16/79 [six-headed hydra (4)]
 12913 | Lair:3   | 12913 ||| Stepping ~*~*~tactically~*~*~ (retreating).
 12913 | Lair:3   | HP: 5/79 [six-headed hydra (9)]
 12914 | Lair:3   | 12914 ||| INVOKING Heroism.
 12914 | Lair:3   | Slain by a six-headed hydra

Levels and vault maps discovered:
D:1:      wander_arrival_desolate, layout_basic, minmay_pentomino_r2
D:2:      layout_loops_corners
D:3:      layout_basic, serial_shops, nicolae_shop_rolling_square,
          chequers_ecumenical_altar_grove, uniq_sigmund
D:4:      layout_loops_ring, minitemple, mainiacjoe_overflow_brackets,
          minmay_ruptured
D:5:      layout_loops_ring, mainiacjoe_overflow_concentric_impassable,
          serial_shops, nicolae_shop_temple_entry_statues_fountains,
          uniq_menkaure, uniq_edmund, uniq_pikel
D:6:      layout_loops_corners, lemuel_round_altar, fedhas_altar_4,
          minmay_temple_entry_offerings
D:7:      layout_layer_cave, mainiacjoe_overflow_boulevard, ebering_ghost_gozag,
          serial_shops, shop, uniq_prince_ribbit1
D:8:      hellmonk_crumbling_castle, layout_basic,
          nicolae_qazlal_beasts_of_the_sky, bloody_makhleb,
          nicolae_blasting_shop, uniq_jeremiah
D:9:      layout_basic, lair_entry_dummy, zombieorc2_lemuel, serial_bayou,
          serial_bayou_pond_b, serial_bayou_lake_a, serial_bayou_shore_b,
          serial_bayou_pond_c, serial_bayou_shore_b, serial_bayou_pond_d,
          uniq_harold
Lair:1:   layout_gridlike, gammafunk_ghost_wrathful_warriors,
          cheibrodos_lair_lostbears, infiniplex_staircase_pool
Lair:2:   layout_big_grid, gammafunk_ghost_grave, grunt_megastairs_5,
          lemuel_fruit_tree
Lair:3:   layout_roguey, palyth_hydra_swamp_entry,
          nicolae_spider_entry_orb_guardian

Skill      XL: |  1  2  3  4  5  6  7  8  9 10 11 12 |
---------------+-------------------------------------+-----
Ranged Weapons | 5 6 7 8 11 13 15 16 | 16.0
Fighting       | 3 4 5 7 9 10 | 10.7
Armour         | 1 2 3 4 |  4.1
Invocations    | 3 4 6 |  6.3
Dodging        | 4 5 |  5.1
Stealth        | |  1.1

Action                     |  1- 3 |  4- 6 |  7- 9 | 10-12 || total
---------------------------+-------+-------+-------+-------++-------
   Fire: Shortbow          |    77 |   158 |   496 |       ||   731
         Orcbow            |       |       |    23 |   522 ||   545
 Invoke: Heroism           |       |       |    11 |    37 ||    48
    Use: Scroll            |     5 |     1 |    10 |     6 ||    22
         Potion            |     1 |     1 |     3 |     4 ||     9
 Armour: Leather armour    |    16 |    19 |       |       ||    35
         Ring mail         |       |    69 |    52 |       ||   121
         Robe              |       |       |    45 |       ||    45
         Steam dragon scal |       |       |    53 |   236 ||   289
  Dodge: Dodged            |    26 |    74 |   158 |   229 ||   487

Table legend:
 A = Non-vault XP
 B = Vault XP
 C = Vault XP percentage of total XP
 D = Non-vault monster count
 E = Vault monster count
 F = Vault count percentage of total count
                 A         B        C        D         E       F
            +---------+---------+-------+---------+---------+-------
      Total |   21232 |    5617 |  20.9 |     232 |      59 |  20.3
            +---------+---------+-------+---------+---------+-------
        D:1 |      29 |       4 |  12.1 |      17 |       2 |  10.5
        D:2 |      44 |       0 |   0.0 |      12 |       0 |   0.0
        D:3 |     132 |     214 |  61.8 |      20 |       1 |   4.8
        D:4 |     303 |       5 |   1.6 |      14 |       2 |  12.5
        D:5 |    1043 |     806 |  43.6 |      11 |       2 |  15.4
        D:6 |     795 |       0 |   0.0 |      19 |       0 |   0.0
        D:7 |    1161 |     274 |  19.1 |      33 |       1 |   2.9
        D:8 |     606 |     539 |  47.1 |      10 |       2 |  16.7
        D:9 |    2231 |    2147 |  49.0 |      36 |      42 |  53.8
     Lair:1 |    3977 |     892 |  18.3 |      18 |       3 |  14.3
     Lair:2 |    8429 |     532 |   5.9 |      31 |       2 |   6.1
     Lair:3 |    2482 |     204 |   7.6 |      11 |       2 |  15.4
            +---------+---------+-------+---------+---------+-------
